 Dungeon Crawl Stone Soup version 0.20-a0-1121-gbb42413 (webtiles) character file.

12 Ijustatesigmund the Conjurer (level 2, 24/24 HPs)
             Began as a Draconian Conjurer on May 10, 2017.
             Quit the game on level 1 of the Dungeon.
             The game lasted 00:02:32 (749 turns).

Ijustatesigmund the Conjurer (Draconian Conjurer)    Turns: 749, Time: 00:02:32

Health: 24/24      AC:  5    Str: 10    XL:     2   Next: 20%
Magic:  5/5        EV: 12    Int: 15    God:
Gold:   71         SH:  0    Dex: 11    Spells: 4/5 levels left

rFire    . . .     SeeInvis .   d - +1 mace (curse)
rCold    . . .     Gourm    .   (no shield)
rNeg     . . .     Faith    .   (armour unavailable)
rPois    .         Spirit   .   (helmet restricted)
rElec    .         Reflect  .   (no cloak)
rCorr    .         Harm     .   h - +0 pair of gloves
MR       .....                  (no boots)
Stlth    +.........             (no amulet)
Regen    0.1/turn               (no ring)
MPRegen  0.1/turn               (no ring)

@: no status effects
A: unfitting armour, hooves 1, deterioration 1, mutation resistance 1,
cold-blooded, AC +4
a: no special abilities


You were on level 1 of the Dungeon.
You were not hungry.

You visited 1 branch of the dungeon, and saw 2 of its levels.

You collected 71 gold pieces.

Inventory:

Hand Weapons
 d - a cursed +1 mace (weapon)
Armour
 h - a +0 pair of gloves (worn)
Books
 a - a book of Conjurations

   Spells                             Type                      Level
   a - Magic Dart                     Conjuration                  1
   b - Searing Ray                    Conjuration                  2
   c - Dazzling Spray                 Conjuration/Hexes            3
   d - Fulminant Prism                Conjuration/Hexes            4
   e - Force Lance                    Conjuration/Translocation    4
   f - Iskenderun's Mystic Blast      Conjuration                  4
Comestibles
 b - a bread ration
 f - a meat ration


   Skills:
 + Level 2.1 Fighting
 - Level 1.7 Dodging
 - Level 1.7 Stealth
 - Level 2.0 Spellcasting
 - Level 4.0 Conjurations


You had 4 spell levels left.
You knew the following spells:

 Your Spells              Type           Power        Failure   Level  Hunger
a - Magic Dart            Conj           ##..         4%          1    #......


Dungeon Overview and Level Annotations

Branches:
Dungeon (2/15)

Altars:


Innate Abilities, Weirdness & Mutations

Your plain brown scales are hard. (AC +4)
You cannot fit into any form of body armour.
You are cold-blooded and may be slowed by cold attacks.
You have large cloven feet.
Your body sometimes deteriorates upon taking damage.
You are somewhat resistant to further mutation.


Message History

Casting: Magic Dart
Confirm with . or Enter, or press ? or * to list all spells.
You can't see any susceptible monsters within range! (Use Z to cast anyway.)
Found a scale mail.
You start resting.
Magic restored.
You see here a scale mail.
c - a scroll labeled SUGIAB YDIMASS
Okay, then.
As you read the scroll labeled SUGIAB YDIMASS, it crumbles to dust.
It is a scroll of enchant weapon.
Really abort (and waste the scroll)?
Your cursed +0 mace glows red for a moment.
As you read the scroll labeled MUZAUGHI DOTU, it crumbles to dust.
It is a scroll of identify.
e - a potion of mutation You feel extremely strange.
You feel yourself wasting away.
Your feet thicken and deform.
You feel genetically stable.
Are you sure you want to abandon this character and quit the game? (Confirm with "yes".)

##.#[###.##..
##.## #.##.# #.#
#.##.### #.#
#.##.#.##### #.#
#.##........
#.####..........
#...........##
#########.########
#.@.......
##########


There were no monsters in sight!

Vanquished Creatures
  A dart slug (D:1)
  4 goblins
  2 jackals (D:1)
  A kobold (D:1)
  2 rats (D:1)
10 creatures vanquished.

Notes
Turn   | Place    | Note
-------+----------+-------------------------------------------
     0 | D:1      | Ijustatesigmund the Draconian Conjurer began the quest for the Orb.
     0 | D:1      | Reached XP level 1. HP: 14/14 MP: 3/3
   203 | D:1      | Reached skill level 1 in Fighting
   548 | D:2      | Reached XP level 2. HP: 24/24 MP: 1/5
   748 | D:1      | Gained mutation: Your body sometimes deteriorates upon taking damage. [potion of mutation]
   748 | D:1      | Gained mutation: You have large cloven feet. [potion of mutation]
   748 | D:1      | Gained mutation: You are somewhat resistant to further mutation. [potion of mutation]
   749 | D:1      | Quit the game

Vault maps used:
D:1:      elethiomel_arrival_quiet, minmay_pentomino_v2
D:2:      kennysheep_six_static_rooms

Skill      XL: |  1  2 |
---------------+-------+-----
Fighting       | 1 2 |  2.1
Dodging        | |  1.7
Stealth        | |  1.7
Spellcasting   | |  2.0
Conjurations   | |  4.0

Action                   || total
-------------------------++-------
Melee: Mace              ||    10
       Tailslap          ||     1
 Cast: Magic Dart        ||    21
  Use: Scroll            ||     3
       Potion            ||     1
Armor: Skin              ||    10
Dodge: Dodged            ||    22
